 Dungeon Crawl Stone Soup version 0.19-a0-1109-g16db51f (webtiles) character file.

33 Jmtri7 the Slasher (level 3, 8/29 HPs)
             Began as a Demonspawn Monk on Aug 9, 2016.
             Quit the game on level 2 of the Dungeon.
             The game lasted 00:03:01 (1026 turns).

Jmtri7 the Slasher (Demonspawn Monk)                Turns: 1026, Time: 00:03:01

Health: 8/29       AC:  4    Str: 11    XL:     3   Next: 12%
Magic:  3/3        EV: 12    Int: 11    God:
Gold:   103        SH:  0    Dex: 16    Spells: 0 memorised, 2 levels left

rFire  . . .     SeeInvis .     a - +0 falchion
rCold  . . .     Gourm    .     k - +1 leather armour {rN+}
rNeg   + . .     Faith    .     (no shield)
rPois  .         Spirit   .     (no helmet)
rElec  .         Dismiss  .     (no cloak)
rCorr  .         Reflect  .     (no gloves)
SustAt .         Harm     .     (no boots)
MR     .....     Rnd*Tele +     (no amulet)
Stlth  ++........               (no ring)
                                f - ring of teleportation (curse)

@: lethally poisoned (8 -> 0)
A: demonic guardian 1
a: no special abilities


You were on level 2 of the Dungeon.
You were not hungry.

You visited 1 branch of the dungeon, and saw 2 of its levels.

You collected 103 gold pieces.

Inventory:

Hand Weapons
 a - a +0 falchion (weapon)
Armour
 b - a +0 robe
 k - a +1 leather armour of positive energy (worn)
Jewellery
 f - a cursed ring of teleportation (left hand)
Scrolls
 g - a scroll of remove curse {unknown}
Potions
 e - 2 potions of lignification {unknown}
 h - a potion of curing {unknown}
 i - 2 potions of flight {unknown}
Comestibles
 c - 2 bread rations
 d - 4 chunks of flesh
 j - a beef jerky
 l - a royal jelly


   Skills:
 - Level 3.0 Fighting
 + Level 3.9 Long Blades
 - Level 2.6 Dodging
 - Level 1.7 Stealth


You had 2 spell levels left.
You didn't know any spells.

Dungeon Overview and Level Annotations

Branches:
Dungeon (2/15)

Altars:


Innate Abilities, Weirdness & Mutations

A weak demonic guardian rushes to your aid.


Message History

The adder is heavily wounded.
You feel sick. The adder bites you but does no damage. The adder bites you.
* * * LOW HITPOINT WARNING * * *
You are lethally poisoned!
The adder poisons you!
You hit the adder.
You kill the adder!
You have reached level 3!
Your experience leads to an increase in your attributes!
Increase (S)trength, (I)ntelligence, or (D)exterity?
Welcome back, Jmtri7 the Demonspawn Monk.
Press ? for a list of commands and other information.
You have reached level 3!
Your experience leads to an increase in your attributes!
Increase (S)trength, (I)ntelligence, or (D)exterity?
You feel agile.
There is a lethal amount of poison in your body!
There is a lethal amount of poison in your body!
Autopickup is now off.
Are you sure you want to abandon this character and quit the game? (Confirm with "yes".)

#......# ##......##### #
............. .# .........#
###.############
.......).#######
......#......(..
................
.............>##
.(...........### ......#.#####.#
.....).......####....$.#. #.#
.............##.@......#.#####.#
.............##.###....#.......#
..............#.# ...#########
###...........#.# #.###########
#.#...........#####.# #........
#.#.................# #.#######
....................###.#
#.#.....................#
#.#########.........#####


There were no monsters in sight!

Vanquished Creatures
  An adder (D:2)
  7 bats
  2 giant cockroaches (D:1)
  3 goblins
  3 hobgoblins
  2 giant newts (D:1)
  3 kobolds
  2 rats (D:1)
23 creatures vanquished.

Notes
Turn   | Place    | Note
-------+----------+-------------------------------------------
     0 | D:1      | Jmtri7 the Demonspawn Monk began the quest for the Orb.
     0 | D:1      | Reached XP level 1. HP: 18/18 MP: 1/1
   264 | D:1      | Gained mutation: A weak demonic guardian rushes to your aid. [demonic ancestry]
   264 | D:1      | Reached XP level 2. HP: 23/24 MP: 2/2
  1026 | D:2      | Reached XP level 3. HP: 8/29 MP: 3/3
  1026 | D:2      | Quit the game

Vault maps used:
D:1:      tarquinn_simple_flora_water_e
D:2:      xom_redecorated, ecumenical_altar_1

Skill      XL: |  1 |
---------------+----+-----
Long Blades    | 3 |  3.9
Fighting       | |  3.0
Dodging        | |  2.6
Stealth        | |  1.7

Action                   || total
-------------------------++-------
Melee: Falchion          ||    89
 Stab: Sleeping          ||     2
Armor: Robe              ||    12
       Leather armour    ||     8
Dodge: Dodged            ||    58
